 Dungeon Crawl Stone Soup version 0.15.1-1-gfacfea3 (webtiles) character file.

1165 Kex the Ruffian (level 8, -1/74 HPs)
             Began as a Troll Transmuter on Sept 23, 2014.
             Slain by Prince Ribbit (20 damage)
             ... on Level 6 of the Dungeon.
             The game lasted 00:20:17 (4643 turns).

Kex the Ruffian (Troll Transmuter)                  Turns: 4643, Time: 00:20:17

HP  -1/74        AC  7     Str 19      XL: 8   Next: 17%
MP  11/11        EV 11     Int 10      God:
Gold 248         SH  0     Dex 11      Spells:  2 memorised, 11 levels left

rFire  . . .     SeeInvis .       - Unarmed
rCold  + . .     Clarity  .     D - +2 robe {rC+}
rNeg   . . .     rCorr    .     (shield restricted)
rPois  .         rRot     .     (helmet restricted)
rElec  .         Spirit   .     (no cloak)
SustAb .         Warding  .     (gloves unavailable)
rMut   .         Stasis   .     (boots unavailable)
Gourm  +                        (no amulet)
MR     +....                    (no ring)
                                u - ring of protection from magic

@: about to teleport, appendage (expiring), somewhat resistant to hostile
enchantments, very unstealthy
A: unfitting armour, claws 3, talons 3, fast metabolism 3, gourmand,
regeneration 2, saprovore 2, shaggy fur 1, tough skin 2
a: End Transformation


You were on level 6 of the Dungeon.
You were full.
You had grown temporary talons.
You visited 1 branch of the dungeon, and saw 6 of its levels.

You collected 248 gold pieces.

Inventory:

Missiles
 b - 35 arrows
 i - 10 arrows of dispersal
Armour
 D - a +2 robe of cold resistance (worn)
Comestibles
 a - 6 meat rations
 g - 8 fruits
 j - a slice of pizza
 p - a beef jerky
 v - 2 bread rations
 z - a royal jelly
Scrolls
 e - a scroll of amnesia {unknown}
 k - a scroll of recharging {unknown}
 l - 2 scrolls of immolation
 n - 2 scrolls of remove curse
 o - a scroll of torment {unknown}
 q - a scroll of teleportation
 s - a scroll of enchant weapon {unknown}
 x - 3 scrolls of enchant armour
 y - a scroll of fog {unknown}
Jewellery
 u - a ring of protection from magic (left claw)
Potions
 c - a potion of flight {unknown}
 f - a potion of heal wounds {unknown}
 m - 3 potions of might
 r - 2 potions of brilliance
 w - 3 potions of curing
 A - a potion of lignification {unknown}
 B - a potion of mutation {unknown}
 C - a potion of cancellation {unknown}
 G - a potion of haste {unknown}
Books
 d - a book of Changes

   Spells                             Type                      Level
   *Beastly Appendage                 Transmutation                1
   Sticks to Snakes                   Transmutation                2
   Spider Form                        Transmutation/Poison         3
   Ice Form                           Ice/Transmutation            4
   Blade Hands                        Transmutation                5
 h - a book of Wizardry

   Spells                             Type                      Level
   Agony                              Necromancy                   5
   Force Lance                        Conjuration                  5
   Dispersal                          Translocation                6
   Haste                              Charms                       6
   Invisibility                       Hexes                        6
   Spellforged Servitor               Conjuration/Summoning        7
 t - the Volume of Frigorific Combat Magic
   (You found it on level 4 of the Dungeon)

   Spells                             Type                      Level
   *Shock                             Conjuration/Air              1
   Freeze                             Ice                          1
   Throw Icicle                       Conjuration/Ice              4
   Bolt of Cold                       Conjuration/Ice              6
   Freezing Cloud                     Conjuration/Ice/Air          6


   Skills:
 + Level 2.9 Fighting
 + Level 4.2 Dodging
 + Level 5.2 Unarmed Combat
 + Level 3.3 Spellcasting
 * Level 3.1 Transmutations


You had 11 spell levels left.
You knew the following spells:

 Your Spells              Type           Power        Failure   Level  Hunger
a - Beastly Appendage     Trmt           #.....       10%         1    #......
b - Shock                 Conj/Air       #...         30%         1    #......


Dungeon Overview and Level Annotations

Branches:
Dungeon (6/15)
 Temple: D:4-7

Altars:
Kikubaaqudgha
Okawaru
Zin

Shops:
D:5 *

Annotations:
D:6 Prince Ribbit


Innate Abilities, Weirdness & Mutations

You are too large for most types of armour.
You have claws for hands.
Your metabolism is lightning-fast.
You like to eat raw meat.
You heal very quickly.
You can eat rotten meat.
You are covered in fur (AC +1).
You have very tough skin (AC +2).
You have claws for feet.


Message History

Prince Ribbit is moderately wounded.
Prince Ribbit hits you but does no damage.
Prince Ribbit misses you.
You claw Prince Ribbit!
Prince Ribbit is heavily wounded.
Prince Ribbit blinks!
Your transformation is almost over.
Prince Ribbit hits you!!
Prince Ribbit momentarily phases out as your attack passes through him.
Your kick misses Prince Ribbit.
Prince Ribbit is heavily wounded.
Prince Ribbit hits you! x2
You closely miss Prince Ribbit.
Prince Ribbit is heavily wounded.
Prince Ribbit hits you!
* * * LOW HITPOINT WARNING * * *
Read which item? (? for menu, Esc to quit)
As you read the scroll of teleportation, it crumbles to dust.
You feel strangely unstable. Prince Ribbit hits you!!
You die...

#.# #.# #.%...# #.#
#.#######.#
##'###.........#
##...##########.#
##.....## ####.#
##.......## #...>#
#.........####....##
'.........+......F.#
#.........####..@..#
##.......## #.....#
##.....## #.#..##
##...## #....# ##+##
###.## #.# #.# #.#
#.#


You could see Prince Ribbit (bleeding).

Vanquished Creatures
  Edmund (D:5)
  A phantom (D:4)
  2 ogres
  Blork the orc (D:6)
  4 crimson imps
  A jelly (D:5)
  A hound (D:5)
  An orc priest (D:4)
  An iguana (D:6)
  2 worker ants
  4 orc wizards
  7 gnolls
  10 adders
  7 worms
  2 giant mites (D:6)
  A giant gecko (D:2)
  2 oozes
  9 orcs
  3 ball pythons
  10 bats
  A bat zombie (D:6)
  7 giant cockroaches
  9 hobgoblins
  10 jackals
  8 kobolds
  4 quokkas
  A giant spore (D:6)
  11 goblins
  A kobold skeleton (D:5)
  24 rats
  A rat skeleton (D:6)
  A ballistomycete (D:6)
148 creatures vanquished.

Notes
Turn   | Place    | Note
--------------------------------------------------------------
     0 | D:1      | Kex, the Troll Transmuter, began the quest for the Orb.
     0 | D:1      | Reached XP level 1. HP: 18/18 MP: 2/2
    42 | D:1      | Reached XP level 2. HP: 24/26 MP: 2/2
   172 | D:1      | Reached skill level 1 in Fighting
   338 | D:1      | Reached XP level 3. HP: 29/33 MP: 1/3
   810 | D:2      | Reached XP level 4. HP: 41/41 MP: 3/4
   935 | D:2      | Reached skill level 4 in Unarmed Combat
  1463 | D:3      | Reached XP level 5. HP: 44/49 MP: 3/5
  1799 | D:3      | Found a glowing silver altar of Zin.
  2171 | D:4      | Noticed an ogre
  2246 | D:3      | Killed an ogre
  2246 | D:3      | Reached XP level 6. HP: 38/57 MP: 5/7
  2420 | D:4      | Noticed a phantom
  2438 | D:4      | Killed a phantom
  2446 | D:4      | Identified the Volume of Frigorific Combat Magic
  2458 | D:4      | Learned a level 1 spell: Shock
  3041 | D:5      | Entered Level 5 of the Dungeon
  3071 | D:5      | Reached XP level 7. HP: 66/66 MP: 7/8
  3294 | D:5      | Found Soung's Serpentskin Sales.
  3576 | D:5      | Reached skill level 5 in Unarmed Combat
  3612 | D:5      | Noticed Edmund
  3625 | D:5      | Killed Edmund
  4123 | D:6      | Found an iron altar of Okawaru.
  4310 | D:6      | Reached XP level 8. HP: 65/74 MP: 9/11
  4400 | D:6      | Found an ancient bone altar of Kikubaaqudgha.
  4486 | D:6      | Noticed Blork the orc
  4497 | D:6      | Killed Blork the orc
  4634 | D:6      | Noticed Prince Ribbit
  4643 | D:6      | Slain by Prince Ribbit

Action                   |  1- 3 |  4- 6 |  7- 9 || total
-------------------------+-------+-------+-------++-------
Melee: Unarmed           |    85 |   167 |   141 ||   393
 Cast: Beastly Appendage |    19 |    31 |    28 ||    78
  Use: Scroll            |       |     4 |     6 ||    10
       Potion            |       |       |     1 ||     1
  Eat: Chunk             |    13 |    22 |    12 ||    47
